 Dungeon Crawl Stone Soup version 0.31.0-10-gcf4a605ca0 (webtiles) character file.

Game seed: 4786425869791468956

2115 zazu2006 the Blocker (level 9, 0/61 (70) HPs)
             Began as a Gnoll Wanderer on Jan 25, 2024.
             Was an Initiate of Vehumet.
             Slain by Jeremiah
             ... wielding a +2 trident of draining
              (6 damage)
             ... on level 7 of the Dungeon on Jan 26, 2024.
             The game lasted 00:19:06 (6741 turns).

zazu2006 the Blocker (Gnoll Wanderer)               Turns: 6741, Time: 00:19:08

HP:   0/61 (70)     AC: 16    Str:  9    XL:     9   Next: 29%
MP:   15/15         EV: 12    Int: 12    God:    Vehumet [......]
Gold: 1040          SH:  9    Dex: 18    Spells: 16/16 levels left

rFire   + . .        D - +1 trident (venom)
rCold   . . .        b - +2 buckler
rNeg    . . .        m - +1 ring mail of Indemnity {rF+ rCorr}
rPois   .            f - +0 helmet
rElec   .            u - +1 cloak {Will+}
rCorr   +            o - +0 pair of gloves
SInv    +            e - +0 pair of boots of a Labyrinth {SInv}
Will    +....        (no amulet)
Stlth   ++           g - +4 ring of protection
HPRegen 0.30/turn    n - ring of wizardry
MPRegen 0.14/turn

%: wizardry (x1)
@: studying Shapeshifting, heavily drained
A: fangs 1, strong nose, distributed training
a: Renounce Religion


You were on level 7 of the Dungeon.
You worshipped Vehumet.
Vehumet was noncommittal.
You visited 1 branch of the dungeon, and saw 7 of its levels.

You collected 1302 gold pieces.
You spent 262 gold pieces at shops.

Inventory:

Hand Weapons
 h - a +2 spear of freezing
 z - a +0 scimitar
 D - a +1 trident of venom (weapon)
 J - a +3 falchion
Missiles
 F - 4 poisoned darts (quivered)
Armour
 b - a +2 buckler (worn)
 e - the +0 pair of boots of a Labyrinth (worn) {SInv}
   (You bought it in a shop on level 3 of the Dungeon)

   SInv:      It lets you see invisible.
 f - a +0 helmet (worn)
 m - the +1 ring mail of Indemnity (worn) {rF+ rCorr}
   (You found it on level 2 of the Dungeon)

   rF+:       It protects you from fire.
   rCorr:     It protects you from acid and corrosion.
 o - a +0 pair of gloves (worn)
 u - a +1 cloak of willpower (worn)
Jewellery
 g - a +4 ring of protection (left hand)
 n - a ring of wizardry (right hand)
 w - a ring of ice
 C - a ring of fire
Scrolls
 c - 2 scrolls of revelation {unknown}
 i - 7 scrolls of identify
 l - 3 scrolls of teleportation
 p - 3 scrolls of poison {unknown}
 q - a scroll of fog {unknown}
 x - a scroll of butterflies {unknown}
 y - a scroll of immolation {unknown}
 A - a scroll of vulnerability {unknown}
 E - a scroll of blinking {unknown}
 G - a scroll of brand weapon {unknown}
 H - 2 scrolls of noise {unknown}
 I - a scroll of enchant weapon {unknown}
Potions
 d - a potion of haste
 j - a potion of cancellation
 k - a potion of mutation {unknown}
 r - 2 potions of invisibility
 s - 2 potions of might {unknown}
 t - a potion of enlightenment {unknown}
 v - a potion of resistance {unknown}
 B - 2 potions of brilliance {unknown}


   Skills:
 + Level 6.3 Fighting
 + Level 4.2 Short Blades
 + Level 4.2 Long Blades
 + Level 4.2 Axes
 + Level 4.2 Maces & Flails
 + Level 5.0 Polearms
 + Level 4.2 Staves
 + Level 4.2 Ranged Weapons
 + Level 4.2 Throwing
 + Level 4.2 Armour
 + Level 6.3 Dodging
 + Level 4.2 Stealth
 + Level 9.6 Shields
 + Level 4.2 Unarmed Combat
 + Level 4.2 Spellcasting
 + Level 3.5 Conjurations
 + Level 3.5 Hexes
 + Level 3.5 Summonings
 + Level 3.5 Necromancy
 + Level 3.5 Translocations
 + Level 3.5 Fire Magic
 + Level 3.5 Ice Magic
 + Level 3.5 Air Magic
 + Level 3.5 Earth Magic
 + Level 3.5 Alchemy
 + Level 4.7 Invocations
 + Level 5.0 Evocations
 + Level 4.4 Shapeshifting


You had 16 spell levels left.
You didn't know any spells.
Your spell library contained the following spells:

 Spells                   Type           Power      Damage    Failure   Level
 Frozen Ramparts          Ice            20%        1d4       21%         3
 Leda's Liquefaction      Alch/Erth      5%         N/A       54%         4
 Petrify                  Alch/Erth      10%        N/A       54%         4
 Metabolic Englaciation   Hex/Ice        5%         N/A       86%         5


Dungeon Overview and Level Annotations

Branches:
Dungeon (7/15)
 Temple: D:4-7

Altars:
Cheibriados
Vehumet
Wu Jian
The Shining One

Shops:
D:3 =[?   D:7 *

Annotations:
D:7 Jeremiah


Innate Abilities, Weirdness & Mutations

You have very sharp teeth.
Your uncanny sense of smell can sniff out nearby items.
Your experience applies equally to all skills.


Message History

You kill the butterfly!
The butterfly disappears in a burst of colours! x3
You block Jeremiah's attack.
Reach: D) +1 trident (venom)
Press: ? - help, Dir - move target, f/p - Jeremiah
Aim: Jeremiah, wielding a +2 trident of draining, wearing a +0 robe and wearing an orb of energy (severely wounded, poisoned, about 40% to evade your +1 trident of venom)
The butterfly is in the way.
You puncture the butterfly!
You kill the butterfly!
The butterfly disappears in a burst of colours!
You block Jeremiah's attack.
Reach: D) +1 trident (venom)
Press: ? - help, Dir - move target, f/p - Jeremiah
Aim: Jeremiah, wielding a +2 trident of draining, wearing a +0 robe and wearing an orb of energy (severely wounded, poisoned, about 40% to evade your +1 trident of venom)
You reach to attack!
You closely miss Jeremiah.
Jeremiah is severely wounded.
Jeremiah hits you from afar with a +2 trident of draining.
You feel drained.
Jeremiah lets out a twisted cry.
Something smites you!
* * * LOW HITPOINT WARNING * * *
Reach: D) +1 trident (venom)
Press: ? - help, Dir - move target, f/p - Jeremiah
Aim: Jeremiah, wielding a +2 trident of draining, wearing a +0 robe and wearing an orb of energy (severely wounded, poisoned, about 40% to evade your +1 trident of venom)
You reach to attack!
You barely miss Jeremiah.
Jeremiah is severely wounded.
Jeremiah hits you but does no damage.
You feel drained.
Reach: D) +1 trident (venom)
Press: ? - help, Dir - move target, f/p - Jeremiah
Aim: Jeremiah, wielding a +2 trident of draining, wearing a +0 robe and wearing an orb of energy (severely wounded, poisoned, about 40% to evade your +1 trident of venom)
The butterfly is in the way.
You miss the butterfly.
Jeremiah lets out a twisted cry.
Something smites you!
* * * LOW HITPOINT WARNING * * *
Reach: D) +1 trident (venom)
Press: ? - help, Dir - move target, f/p - Jeremiah
Aim: Jeremiah, wielding a +2 trident of draining, wearing a +0 robe and wearing an orb of energy (severely wounded, poisoned, about 40% to evade your +1 trident of venom)
The butterfly is in the way.
You barely miss the butterfly.
Jeremiah hits you from afar with a +2 trident of draining.
You die...
Jeremiah asks, "Is it over?
Can I wake up now?"

#....###....# .#
#...#...#...# .#
#.###.#######
[#∆
#..##.####.###.#
##....#bb....#.#
####.#b####.bb#
#.#F# # #.#b#
#.#@### ∆
#.#.(.#######
#.#.........#
#.#.#.#####.#
#.#.#....)..#
#.#.#.#######
#.#...# #.###.#
#.###.##


You could see Jeremiah (poisoned).

Vanquished Creatures
  A troll (D:7)
  2 water moccasins
  2 orc warriors
  An ogre (D:5)
  2 centaurs (D:6)
  A phantom (D:4)
  2 bullfrogs
  A gnoll sergeant (D:4)
  A scorpion (D:5)
  2 wights
  A bombardier beetle (D:6)
  5 orc priests
  A jelly (D:6)
  A gnoll bouda (D:5)
  3 hounds
  3 sleepcaps
  2 iguanas
  Natasha (D:2)
  2 orc wizards
  9 gnolls
  8 adders
  A shadow imp (D:7)
  A dart slug (D:3)
  A ribbon worm (D:4)
  18 orcs
  11 endoplasms
  5 giant cockroaches
  9 goblins
  8 hobgoblins
  8 jackals (D:1)
  4 quokkas
  9 ball pythons
  9 bats
  A frilled lizard (D:1)
  5 kobolds
  8 rats
149 creatures vanquished.

Notes
Turn   | Place    | Note
-------+----------+-------------------------------------------
     0 | D:1      | zazu2006 the Gnoll Wanderer began the quest for the Orb.
     0 | D:1      | zazu2006 set off with the following items: a +0 spear, a +2
                  | buckler, a +0 cloak, a potion of haste, a +0 robe.
     0 | D:1      | Reached XP level 1. HP: 20/20 MP: 1/1
    62 | D:1      | Reached XP level 2. HP: 8/26 MP: 2/2
   275 | D:1      | Reached XP level 3. HP: 31/31 MP: 3/3
   549 | D:1      | Reached skill level 1 in Invocations
   898 | D:2      | Reached skill level 1 in Short Blades
   898 | D:2      | Reached skill level 1 in Long Blades
   898 | D:2      | Reached skill level 1 in Axes
   898 | D:2      | Reached skill level 1 in Maces & Flails
   898 | D:2      | Reached skill level 1 in Staves
   898 | D:2      | Reached skill level 1 in Ranged Weapons
   898 | D:2      | Reached skill level 1 in Throwing
   898 | D:2      | Reached skill level 1 in Armour
   898 | D:2      | Reached skill level 1 in Stealth
   898 | D:2      | Reached skill level 1 in Unarmed Combat
   898 | D:2      | Reached skill level 1 in Spellcasting
   930 | D:1      | Reached skill level 1 in Shapeshifting
   930 | D:1      | Reached XP level 4. HP: 29/38 MP: 5/5
  1126 | D:2      | Reached skill level 1 in Conjurations
  1126 | D:2      | Reached skill level 1 in Hexes
  1126 | D:2      | Reached skill level 1 in Summonings
  1126 | D:2      | Reached skill level 1 in Necromancy
  1126 | D:2      | Reached skill level 1 in Translocations
  1126 | D:2      | Reached skill level 1 in Fire Magic
  1126 | D:2      | Reached skill level 1 in Ice Magic
  1126 | D:2      | Reached skill level 1 in Air Magic
  1126 | D:2      | Reached skill level 1 in Earth Magic
  1126 | D:2      | Reached skill level 1 in Alchemy
  1312 | D:2      | Identified the +1 ring mail of Indemnity {rF+ rCorr}
  1453 | D:2      | Reached XP level 5. HP: 42/43 MP: 7/7
  1781 | D:3      | Noticed Natasha
  1804 | D:2      | Killed Natasha
  1881 | D:3      | Found Miogahumn's Magic Scroll Shop.
  1890 | D:3      | Bought a scroll of identify for 26 gold pieces
  1890 | D:3      | Bought a scroll of identify for 26 gold pieces
  1890 | D:3      | Bought a scroll of teleportation for 39 gold pieces
  1890 | D:3      | Identified a scroll of acquirement
  1891 | D:3      | Acquired 849 gold pieces
  1896 | D:3      | Found Nutsa Sima's Antique Armour Shoppe.
  1901 | D:3      | Bought a pair of steaming boots for 171 gold pieces
  1901 | D:3      | Identified the +0 pair of boots of a Labyrinth {SInv} (You
                  | bought it in a shop on level 3 of the Dungeon)
  1912 | D:3      | Found Wavasipi's Jewellery Emporium.
  2234 | D:3      | Found a faded altar of an unknown god.
  2766 | D:4      | Found a snail-covered altar of Cheibriados.
  3189 | D:4      | Reached XP level 6. HP: 45/50 MP: 8/8
  3270 | D:4      | Found a glowing golden altar of the Shining One.
  3298 | D:4      | Reached skill level 5 in Fighting
  3298 | D:4      | Reached skill level 5 in Dodging
  3584 | D:5      | Entered Level 5 of the Dungeon
  3666 | D:5      | Reached XP level 7. HP: 47/56 MP: 10/10
  4273 | D:5      | Reached skill level 9 in Shields
  4812 | D:4      | Reached XP level 8. HP: 37/63 MP: 12/12
  6176 | D:6      | Reached XP level 9. HP: 63/69 MP: 13/15
  6246 | D:6      | Found an ornate altar of the Wu Jian Council.
  6406 | D:7      | Noticed a troll
  6424 | D:7      | Killed a troll
  6425 | D:7      | Reached skill level 5 in Polearms
  6425 | D:7      | Reached skill level 5 in Evocations
  6552 | D:7      | Identified the +1 robe of Agroten {rElec rN+ Str-2 Int+3}
  6555 | D:7      | Found a radiant altar of Vehumet.
  6588 | D:7      | Became a worshipper of Vehumet
  6600 | D:7      | Found Quqoghel's Neck Hole.
  6669 | D:7      | Noticed Jeremiah
  6741 | D:7      | Slain by Jeremiah

Illustrated notes

Levels and vault maps discovered:
D:1:      spicycebolla_green_bress_n_ham, layout_loops_ring
D:2:      layout_rooms, st_stairs_9, kennysheep_minor_cross, hex_large,
          minmay_circle_x
D:3:      layout_basic, serial_shops, nicolae_shop_statue_plus,
          nicolae_shop_tiny_statue_garden, shop,
          hellmonk_ecumenical_altar_heavens_door, dk_noncrumbling_4,
          uniq_natasha
D:4:      layout_loops_ring, slow_altar_2, lemuel_coloured_pillars_altar
D:5:      layout_rooms, ebering_dispersal_statue_hall,
          hangedman_abyss_or_decor_stagger, nicolae_grassy_gnolls
D:6:      wad_crossroads, layout_basic, mainiacjoe_overflow_tiny_flanked,
          minmay_manual_mares
D:7:      layout_basic, kennysheep_little_box, minmay_temple_entry_glassed_door,
          nicolae_shop_sticking_my_neck_out, uniq_jeremiah,
          uniq_crazy_yiuf_cottage

Skill      XL: |  1  2  3  4  5  6  7  8  9 |
---------------+----------------------------+-----
Invocations    | 1 2 3 4 |  4.7
Short Blades   | 1 2 3 4 |  4.2
Long Blades    | 1 2 3 4 |  4.2
Axes           | 1 2 3 4 |  4.2
Maces & Flails | 1 2 3 4 |  4.2
Staves         | 1 2 3 4 |  4.2
Ranged Weapons | 1 2 3 4 |  4.2
Throwing       | 1 2 3 4 |  4.2
Armour         | 1 2 3 4 |  4.2
Stealth        | 1 2 3 4 |  4.2
Unarmed Combat | 1 2 3 4 |  4.2
Spellcasting   | 1 2 3 4 |  4.2
Shapeshifting  | 1 2 4 |  4.4
Conjurations   | 1 2 3 |  3.5
Hexes          | 1 2 3 |  3.5
Summonings     | 1 2 3 |  3.5
Necromancy     | 1 2 3 |  3.5
Translocations | 1 2 3 |  3.5
Fire Magic     | 1 2 3 |  3.5
Ice Magic      | 1 2 3 |  3.5
Air Magic      | 1 2 3 |  3.5
Earth Magic    | 1 2 3 |  3.5
Alchemy        | 1 2 3 |  3.5
Polearms       | 3 4 5 |  5.0
Evocations     | 3 4 5 |  5.0
Fighting       | 5 6 |  6.3
Dodging        | 5 6 |  6.3
Shields        | 9 |  9.6

Action                     |  1- 3 |  4- 6 |  7- 9 || total
---------------------------+-------+-------+-------++-------
  Melee: Spear             |   189 |   514 |   350 ||  1053
         Bite              |    21 |    74 |    71 ||   166
         Scimitar          |       |       |    65 ||    65
         Trident           |       |       |    97 ||    97
  Throw: Dart              |       |     3 |     3 ||     6
    Use: Scroll            |       |     2 |       ||     2
         Potion            |       |       |     4 ||     4
   Stab: Sleeping          |     3 |     2 |     4 ||     9
         Distracted        |       |       |     1 ||     1
 Armour: Robe              |    62 |    51 |       ||   113
         Ring mail         |       |   146 |   228 ||   374
  Dodge: Dodged            |    85 |   213 |   216 ||   514
  Block: Buckler           |    78 |   217 |   205 ||   500
